 Dungeon Crawl Stone Soup version 0.19.0-19-g8c6edcc (webtiles) character file.

137 nubinia the Conjurer (level 5, 0/28 HPs)
             Began as a Tengu Conjurer on Nov 15, 2016.
             Was a Follower of Ashenzari.
             Slain by a hippogriff (8 damage)
             ... on level 4 of the Dungeon.
             The game lasted 00:11:41 (3459 turns).

nubinia the Conjurer (Tengu Conjurer)               Turns: 3459, Time: 00:11:41

Health: 0/28       AC:  3    Str:  8    XL:     5   Next: 20%
Magic:  8/10       EV: 13    Int: 17    God:    Ashenzari [*.....]
Gold:   113        SH:  0    Dex: 14    Spells: 2 memorised, 6 levels left

rFire  . . .     SeeInvis .     g - +2 hand axe (elec)
rCold  . . .     Gourm    .     a - +0 robe
rNeg   . . .     Faith    .     (no shield)
rPois  .         Spirit   .     (helmet restricted)
rElec  .         Reflect  .     m - +0 cloak (curse)
rCorr  .         Harm     .     (no gloves)
MR     .....                    (boots unavailable)
Stlth  ++........               (no amulet)
                                (no ring)
                                (no ring)

@: no status effects
A: beak, talons 3, able to fly 1
a: Fly, Curse Item, Scrying, Renounce Religion


You were on level 4 of the Dungeon.
You worshipped Ashenzari.
Ashenzari was aware of your devotion.
You were not hungry.

You visited 1 branch of the dungeon, and saw 4 of its levels.

You collected 113 gold pieces.

Inventory:

Hand Weapons
 g - a +2 hand axe of electrocution (weapon)
 l - a +0 dagger
 n - a +4 dagger
Armour
 a - a +0 robe (worn)
 m - a cursed +0 cloak (worn)
Scrolls
 j - a scroll of amnesia
 q - 3 scrolls of teleportation
Potions
 e - a potion of curing
 h - 2 potions of berserk rage
 i - a potion of invisibility
 o - a potion of agility
 p - 2 potions of cure mutation {unknown}
Books
 b - a book of Conjurations

   Spells                             Type                      Level
   a - Magic Dart                     Conjuration                  1
   b - Searing Ray                    Conjuration                  2
   c - Dazzling Spray                 Conjuration/Hexes            3
   d - Fulminant Prism                Conjuration/Hexes            4
   e - Iskenderun's Mystic Blast      Conjuration                  4
   f - Iskenderun's Battlesphere      Conjuration/Charms           5
Comestibles
 c - a bread ration
 d - 2 meat rations
 f - 6 fruits
 k - a royal jelly
 r - 4 chunks of flesh


   Skills:
 + Level 0.2 Short Blades
 + Level 2.7 Dodging
 + Level 2.3 Stealth
 + Level 3.0 Spellcasting
 + Level 7.1 Conjurations


You had 6 spell levels left.
You knew the following spells:

 Your Spells              Type           Power        Failure   Level  Hunger
a - Magic Dart            Conj           ####         1%          1    None
b - Dazzling Spray        Conj/Hex       ##....       14%         3    ###....


Dungeon Overview and Level Annotations

Branches:
Dungeon (4/15)
 Temple: D:4-7

Altars:
Ashenzari

Annotations:
D:3 Grinder, Terence


Innate Abilities, Weirdness & Mutations

You have a beak for a mouth.
You have claws for feet.
You can fly.


Message History

The hippogriff bites you but does no damage.
The hippogriff misses you. x2
You hit the hippogriff.
There is a sudden explosion of sparks!
You claw the hippogriff, but do no damage.
The hippogriff is severely wounded.
The hippogriff misses you. The hippogriff barely misses you.
The hippogriff misses you.
You hit the hippogriff. You claw the hippogriff. You peck the hippogriff.
The hippogriff is almost dead.
The hippogriff closely misses you. The hippogriff misses you.
The hippogriff claws you but does no damage.
The hippogriff barely misses you. The hippogriff closely misses you. x2
You completely miss the hippogriff. Your kick misses the hippogriff.
The hippogriff is almost dead.
The hippogriff bites you. The hippogriff pecks you. The hippogriff claws you.
* * * LOW HITPOINT WARNING * * *
You are too injured to fight recklessly!
You are too injured to fight recklessly!
The hippogriff misses you. The hippogriff pecks you!
You die...

##... ##.... ##
#..... .# #.... .#
#... .# ###...### .##
##.....H.#####..##
......(@..<[.(...#
##.......#####..(....
.......)..# .######
###.###.#.# .# #.
#.... .. # #.#.## .#
....# .# #...# .# #.
.#


You could see a hippogriff.

Vanquished Creatures
  An orc wizard (D:4)
  An adder (D:2)
  4 oozes
  2 worms
  2 leopard geckos
  6 orcs
  4 giant cockroaches
  9 goblins
  6 hobgoblins
  7 jackals
  5 kobolds
  A quokka (D:2)
  A ball python (D:2)
  6 bats
  3 frilled lizards (D:1)
  10 rats
68 creatures vanquished.

Notes
Turn   | Place    | Note
-------+----------+-------------------------------------------
     0 | D:1      | nubinia the Tengu Conjurer began the quest for the Orb.
     0 | D:1      | Reached XP level 1. HP: 10/10 MP: 4/4
   263 | D:1      | Reached XP level 2. HP: 15/15 MP: 0/6
   465 | D:1      | Reached skill level 6 in Conjurations
   782 | D:1      | Reached XP level 3. HP: 19/19 MP: 4/7
   815 | D:1      | Learned a level 3 spell: Dazzling Spray
  2062 | D:2      | Reached XP level 4. HP: 21/24 MP: 0/8
  2332 | D:2      | Found a faded altar of an unknown god.
  2371 | D:2      | Became a worshipper of Ashenzari the Shackled
  2371 | D:2      | Reached * piety under Ashenzari
  2727 | D:3      | Noticed Grinder
  3048 | D:3      | Noticed Terence
  3289 | D:4      | Reached skill level 7 in Conjurations
  3289 | D:4      | Gained mutation: You can fly. [Tengu growth]
  3289 | D:4      | Reached XP level 5. HP: 15/28 MP: 0/10
  3450 | D:4      | Noticed a hippogriff
  3459 | D:4      | Slain by a hippogriff

Skill      XL: |  1  2  3  4 |
---------------+-------------+-----
Conjurations   | 6 7 |  7.1
Spellcasting   | 3 |  3.0
Short Blades   | |  0.2
Dodging        | |  2.7
Stealth        | |  2.3

Action                   |  1- 3 |  4- 6 || total
-------------------------+-------+-------++-------
Melee: Dagger            |    34 |    16 ||    50
       Peck              |     9 |     2 ||    11
       Kick              |     6 |     7 ||    13
       Hand axe          |       |     5 ||     5
 Cast: Magic Dart        |    78 |    65 ||   143
       Dazzling Spray    |       |     2 ||     2
  Use: Scroll            |     4 |     6 ||    10
 Stab: Sleeping          |     1 |       ||     1
       Invisible         |       |     1 ||     1
  Eat: Chunk             |     5 |     4 ||     9
Armor: Robe              |     8 |     3 ||    11
Dodge: Dodged            |    45 |    22 ||    67
